 Dungeon Crawl Stone Soup version 0.26.1-11-gd32895ea62 (webtiles) character file.

Game seed: 15994858741295106027

19 seveneves the Skirmisher (level 2, -4/27 HPs)
             Began as a Minotaur Fighter on July 22, 2021.
             Killed by nerve-wracking pain
             ... invoked by Jessica
              (14 damage)
             ... on level 2 of the Dungeon.
             The game lasted 00:02:18 (750 turns).

seveneves the Skirmisher (Minotaur Fighter)          Turns: 750, Time: 00:02:19

Health: -4/27      AC:  7    Str: 18 (20) XL:     2   Next: 55%
Magic:  1/1        EV:  7    Int:  3 (5)  God:
Gold:   106        SH: 10    Dex:  8 (9)  Spells: 1/1 levels left

rFire    . . .     SeeInvis .   a - +0 long sword
rCold    . . .     Faith    .   c - +1 kite shield
rNeg     . . .     Spirit   .   b - +0 scale mail
rPois    .         Reflect  .   (helmet restricted)
rElec    .         Harm     .   (no cloak)
rCorr    .         Rampage  .   (no gloves)
Will     .....                  (no boots)
Stlth    ..........             (no amulet)
HPRegen  0.09/turn              (no ring)
MPRegen  0.07/turn              (no ring)

@: no status effects
A: retaliatory headbutt, horns 2
a: no special abilities


You were on level 2 of the Dungeon.
You visited 1 branch of the dungeon, and saw 2 of its levels.

You collected 106 gold pieces.

Inventory:

Hand Weapons
 a - a +0 long sword (weapon)
Armour
 b - a +0 scale mail (worn)
 c - a +1 kite shield (worn)
 i - a +0 plate armour
Scrolls
 h - a scroll of enchant armour
Potions
 d - a potion of might
 e - a potion of curing


   Skills:
 + Level 4.1 Fighting
 + Level 2.6 Long Blades
 + Level 3.9 Armour
 + Level 3.9 Shields


You had one spell level left.
You didn't know any spells.
Your spell library was empty.

Dungeon Overview and Level Annotations

Branches:
Dungeon (2/15)

Altars:

Annotations:
D:2 Jessica


Innate Abilities, Weirdness & Mutations

You reflexively headbutt those who attack you in melee.
You have a pair of horns on your head.


Message History

You feel weakened.
You feel dopey.
You feel clumsy.
It was a potion of cancellation.
You feel magically purged.
Found a stone staircase leading up.
You now have 106 gold pieces (gained 18).
Found 7 gold pieces.
Jessica the Apprentice Sorceress comes into view.
She is wielding a +0 dagger.
Jessica shouts!
Jessica gestures at you while chanting. Pain shoots through your body!
Ouch! That really hurt!
Jessica mumbles some strange words.
Jessica seems to speed up.
Jessica hits you but does no damage.
An ice beast comes into view.
You closely miss Jessica. Jessica hits you with a +0 dagger. x2
You barely miss Jessica. You headbutt Jessica, but do no damage.
Jessica points at you and mumbles some strange words.
Pain shoots through your body!
Ouch! That really hurt!
You die...

,*,**,**,+,#...###..#..#..#.....,
***,,***,**#..** #......†...####*
,*****,,,,*..,####.####.†######
,*,,,+,**,*...#<..............#
,*,***,,*,*.....#..#..........#
,*,,,**,,,*,,,#...#........<..#
,***+******,,,#.#.............#
***,,*,*,*,,,,#.#.##.##...##.##
***,**,,,*,,,,#@@.#...#####,..#*
,,*,**,,,.......#...#....,,,#..#
,,,,,,,,,###....###..$###**,,.##
,,,,,,,*,**#...#* ##.## **,##
,,,,,,,*,*#.Y##* #.# *,*
,,,,,,,*,,#..* #.# *,*
,,,,,,,,,...,*******,* *,*
,,,,,,,**#.,,,,,,,**,** **,**
,,,,,,,* ********,*,,,*****,,,**


You could see an ice beast and Jessica (fast).

Vanquished Creatures
  An ooze (D:1)
  3 bats (D:1)
  A goblin (D:1)
  2 hobgoblins (D:1)
  2 jackals (D:2)
  A ball python (D:1)
  A kobold (D:1)
  4 rats
15 creatures vanquished.

Notes
Turn   | Place    | Note
-------+----------+-------------------------------------------
     0 | D:1      | seveneves the Minotaur Fighter began the quest for the Orb.
     0 | D:1      | Reached XP level 1. HP: 19/19 MP: 0/0
    86 | D:1      | Reached XP level 2. HP: 27/27 MP: 1/1
   520 | D:1      | Reached skill level 4 in Fighting
   742 | D:2      | Noticed Jessica
   748 | D:2      | Noticed an ice beast
   750 | D:2      | Killed from afar by Jessica

Illustrated notes

Levels and vault maps discovered:
D:1:      lemuel_arrival_broad_hall, layout_loops_ring
D:2:      minmay_chambers_of_ones, layout_rooms, serial_glass, glass_columns_c,
          glass_columns_b, glass_columns_c, glass_columns_a, glass_columns_a,
          glass_columns_a, minmay_strange_pillars, minmay_strange_pillars,
          due_unseen_surprise, feat_on_display, minmay_misc_feat_tower,
          uniq_jessica

Skill      XL: |  1  2 |
---------------+-------+-----
Fighting       | 4 |  4.1
Long Blades    | |  2.6
Armour         | |  3.9
Shields        | |  3.9

Action                   || total
-------------------------++-------
Melee: Long sword        ||    35
       Headbutt          ||     7
  Use: Potion            ||     3
       Scroll            ||     2
Armor: Scale mail        ||    15
Dodge: Dodged            ||    15
Block: Kite shield       ||    13
       Rpst.: Long sword ||     5
